IL
GWINNETT BRAVES @ MEMPHIS REDBIRDS
10/03/2044
 
TOP OF THE 1ST
Gwinnett Braves batting - Pitching for Memphis Redbirds : LHP Justin Harris
Pitching: LHP Justin Harris
Batting: LHB Ricky Ayon 0-0: Called Strike
0-1: Ball
1-1: Foul Ball, location: 2F
1-2: Ball
2-2: Foul Ball, location: 2F
2-2: Ball
3-2: Foul Ball, location: 2F
3-2: Ground out 4-3 (Groundball, 34, EV 83.1 MPH)
Batting: RHB Francisco Hernandez 0-0: Ball
1-0: Ball
2-0: Ball
3-0: Base on Balls
Batting: RHB Luis Revilla 0-0: Ball
1-0: Foul Ball, location: 2F
1-1: Ball
2-1: Grounds into double play, 4-6-3 (Groundball, 4, EV 99.4 MPH)
Top of the 1st over - 0 runs, 0 hits, 0 errors, 0 left on base; Gwinnett 0 - Memphis 0
BOTTOM OF THE 1ST
Memphis Redbirds batting - Pitching for Gwinnett Braves : RHP Preston Larson
Pitching: RHP Preston Larson
Batting: RHB Josh Hoeye 0-0: Ground out 5-3 (Groundball, 56S, EV 70.6 MPH)
Batting: LHB Tom Butterbaugh 0-0: Ball
1-0: Ball
2-0: Called Strike
2-1: Swinging Strike
2-2: Ball
3-2: Base on Balls
Batting: SHB Luke Robbins 0-0: Ball
1-0: Called Strike
1-1: Swinging Strike
1-2: Foul Ball, location: 2F
1-2: Foul Ball, location: 2F
1-2: Fielders Choice at 2nd, 5-4 (Groundball, 56S, EV 83.8 MPH)
Batting: LHB Tim Olsen 0-0: Foul Ball, location: 2F
0-1: Fly out, F5 (Flyball, 5D, EV 83.1 MPH)
Bottom of the 1st over - 0 runs, 0 hits, 0 errors, 1 left on base; Gwinnett 0 - Memphis 0
TOP OF THE 2ND
Gwinnett Braves batting - Pitching for Memphis Redbirds : LHP Justin Harris
Batting: RHB Jake Lang 0-0: Called Strike
0-1: Called Strike
0-2: Ball
1-2: Ball
2-2: Ball
3-2: Foul Ball, location: 2F
3-2: Foul Ball, location: 2F
3-2: Foul Ball, location: 2F
3-2: Fly out, F8 (Flyball, 78XD, EV 102.5 MPH)
Batting: RHB Josh Whitmore 0-0: Foul Ball, location: 2F
0-1: SINGLE (Groundball, 3D, EV 96.9 MPH)
Batting: RHB Jesse Lester 0-0: Ball
1-0: Called Strike
1-1: Ball
2-1: SINGLE (Groundball, 25, EV 68.8 MPH) (infield hit)
Josh Whitmore to second
Batting: RHB Alex Munoz 0-0: Ball
1-0: Ball
2-0: SINGLE (Groundball, 34S, EV 63.1 MPH) (infield hit)
Josh Whitmore to third
Jesse Lester to second
Batting: SHB Tim Rodgers 0-0: Ball
1-0: Grounds into double play, 5-4-3 (Groundball, 56, EV 88.1 MPH)
Top of the 2nd over - 0 runs, 3 hits, 0 errors, 2 left on base; Gwinnett 0 - Memphis 0
BOTTOM OF THE 2ND
Memphis Redbirds batting - Pitching for Gwinnett Braves : RHP Preston Larson
Batting: LHB Jesus Ramirez 0-0: Called Strike
0-1: Called Strike
0-2: Strikes out swinging
Batting: RHB Travis Leonard 0-0: Ball
1-0: Called Strike
1-1: TRIPLE (Line Drive, 8RXD, EV 110.6 MPH)
Batting: SHB Quido van Erp 0-0: Ball
1-0: Ball
2-0: Ball
3-0: Called Strike
3-1: Base on Balls
Batting: RHB Colin Boddy 0-0: Ball
Quido van Erp is caught stealing 2nd base 2-4
1-0: Ball
2-0: Called Strike
2-1: Fly out, F4 (Popup, 4, EV 60.0 MPH)
Bottom of the 2nd over - 0 runs, 1 hit, 0 errors, 1 left on base; Gwinnett 0 - Memphis 0
TOP OF THE 3RD
Gwinnett Braves batting - Pitching for Memphis Redbirds : LHP Justin Harris
Batting: RHB T.J. Jordan 0-0: Ball
1-0: Ball
2-0: Foul Ball, location: 2F
2-1: Fly out, F9 (Flyball, 89D, EV 96.2 MPH)
Batting: LHB Ricky Ayon 0-0: Ball
1-0: Ball
2-0: Called Strike
2-1: Foul Ball, location: 2F
2-2: Foul Ball, location: 2F
2-2: Strikes out swinging
Batting: RHB Francisco Hernandez 0-0: Called Strike
0-1: Ball
1-1: Ball
2-1: DOUBLE (Line Drive, 9LM, EV 95.0 MPH)
Batting: RHB Luis Revilla 0-0: Ball
1-0: Foul Ball, location: 2F
1-1: Swinging Strike
1-2: Ball
2-2: Ball
3-2: Foul Ball, location: 2F
3-2: Foul Ball, location: 2F
3-2: Foul Ball, location: 2F
3-2: Base on Balls
Batting: RHB Jake Lang 0-0: Fly out, F9 (Flyball, 9D, EV 85.6 MPH)
Top of the 3rd over - 0 runs, 1 hit, 0 errors, 2 left on base; Gwinnett 0 - Memphis 0
BOTTOM OF THE 3RD
Memphis Redbirds batting - Pitching for Gwinnett Braves : RHP Preston Larson
Batting: RHB Jorge Benites 0-0: Foul Ball, location: 2F
0-1: Ground out 6-3 (Groundball, 6, EV 101.9 MPH)
Batting: RHB Josh Hoeye 0-0: Called Strike
0-1: Called Strike
0-2: SINGLE (Line Drive, 7LS, EV 105.6 MPH)
Batting: LHB Tom Butterbaugh 0-0: Ball
1-0: Ground out 6-3 (Groundball, 6S, EV 63.1 MPH)
Josh Hoeye to second
Batting: SHB Luke Robbins 0-0: Ball
1-0: Ball
2-0: Ball
3-0: Ground out 6-3 (Groundball, 6M, EV 98.1 MPH)
Bottom of the 3rd over - 0 runs, 1 hit, 0 errors, 1 left on base; Gwinnett 0 - Memphis 0
TOP OF THE 4TH
Gwinnett Braves batting - Pitching for Memphis Redbirds : LHP Justin Harris
Batting: RHB Josh Whitmore 0-0: Ball
1-0: Ball
2-0: DOUBLE (Line Drive, 78D, EV 109.4 MPH)
Batting: RHB Jesse Lester 0-0: Called Strike
0-1: Ground out 5-3 (Groundball, 56S, EV 66.2 MPH)
Josh Whitmore to third
Batting: RHB Alex Munoz 0-0: Foul Ball, location: 2F
0-1: Ball
1-1: Ball
2-1: Reached on error, E6 (Groundball, 56S, EV 90.6 MPH)
Josh Whitmore scores
Batting: SHB Tim Rodgers 0-0: Ball
1-0: Called Strike
1-1: Foul Ball, location: 2F
1-2: Strikes out swinging
Batting: RHB T.J. Jordan 0-0: Ball
1-0: Called Strike
1-1: Swinging Strike
1-2: Ball
2-2: Foul Ball, location: 2F
2-2: Ball
3-2: Foul Ball, location: 2F
3-2: Strikes out swinging
Top of the 4th over - 1 run, 1 hit, 1 error, 1 left on base; Gwinnett 1 - Memphis 0
BOTTOM OF THE 4TH
Memphis Redbirds batting - Pitching for Gwinnett Braves : RHP Preston Larson
Batting: LHB Tim Olsen 0-0: Swinging Strike
0-1: Ball
1-1: Ball
2-1: Fly out, F6 (Popup, 4MD, EV 50.0 MPH)
Batting: LHB Jesus Ramirez 0-0: Called Strike
0-1: Ball
1-1: Ball
2-1: Ground out 6-3 (Groundball, 6, EV 98.1 MPH)
Batting: RHB Travis Leonard 0-0: Called Strike
0-1: Swinging Strike
0-2: Foul Ball, location: 2F
0-2: Ball
1-2: Foul Ball, location: 2F
1-2: Strikes out looking
Bottom of the 4th over - 0 runs, 0 hits, 0 errors, 0 left on base; Gwinnett 1 - Memphis 0
TOP OF THE 5TH
Gwinnett Braves batting - Pitching for Memphis Redbirds : LHP Justin Harris
Batting: LHB Ricky Ayon 0-0: Ball
1-0: Called Strike
1-1: Swinging Strike
1-2: Ball
2-2: Foul Ball, location: 2F
2-2: Strikes out swinging
Batting: RHB Francisco Hernandez 0-0: Called Strike
0-1: Ball
1-1: Swinging Strike
1-2: Strikes out swinging
Batting: RHB Luis Revilla 0-0: Ball
1-0: Swinging Strike
1-1: Foul Ball, location: 2F
1-2: Foul Ball, location: 2F
1-2: Strikes out swinging
Top of the 5th over - 0 runs, 0 hits, 0 errors, 0 left on base; Gwinnett 1 - Memphis 0
BOTTOM OF THE 5TH
Memphis Redbirds batting - Pitching for Gwinnett Braves : RHP Preston Larson
Batting: SHB Quido van Erp 0-0: SINGLE (Groundball, 4M, EV 101.9 MPH)
Batting: RHB Colin Boddy 0-0: Called Strike
0-1: Ball
1-1: SINGLE (Line Drive, 5D, EV 98.1 MPH)
Quido van Erp to second
Batting: RHB Jorge Benites 0-0: Called Strike
0-1: Swinging Strike
0-2: Fielders Choice at 2nd, 4-6 (Groundball, 4, EV 107.5 MPH)
Quido van Erp to third
Batting: RHB Josh Hoeye 0-0: Ball
1-0: Ball
2-0: Ball
3-0: Called Strike
3-1: Foul Ball, location: 2F
3-2: Base on Balls
Jorge Benites to second
Batting: LHB Tom Butterbaugh 0-0: Swinging Strike
0-1: Ball
1-1: Called Strike
1-2: Foul Ball, location: 2F
1-2: Ball
2-2: Foul Ball, location: 2F
2-2: Ball
3-2: Fly out, F4 (Popup, 4MS, EV 81.9 MPH)
Batting: SHB Luke Robbins 0-0: Ball
1-0: Ball
2-0: Called Strike
2-1: Swinging Strike
2-2: Foul Ball, location: 2F
2-2: DOUBLE (Line Drive, 3D, EV 103.8 MPH)
Quido van Erp scores
Jorge Benites scores
Josh Hoeye to third
Runner from 3rd tries for Home, SAFE, throw by RF to trailing runner, SAFE at third!
Batting: LHB Tim Olsen 0-0: Ball
1-0: Ball
2-0: Called Strike
2-1: Foul Ball, location: 2F
2-2: Foul Ball, location: 2F
2-2: Ball
3-2: Strikes out swinging
Bottom of the 5th over - 3 runs, 3 hits, 0 errors, 1 left on base; Gwinnett 1 - Memphis 3
TOP OF THE 6TH
Gwinnett Braves batting - Pitching for Memphis Redbirds : LHP Justin Harris
Batting: RHB Jake Lang 0-0: Ball
1-0: Swinging Strike
1-1: Ball
2-1: Ball
3-1: Foul Ball, location: 2F
3-2: Ground out 6-3 (Groundball, 6, EV 88.1 MPH)
Batting: RHB Josh Whitmore 0-0: Foul Ball, location: 2F
0-1: Foul Ball, location: 2F
0-2: Ground out 5-3 (Groundball, 56, EV 101.2 MPH)
Batting: RHB Jesse Lester 0-0: Ball
1-0: Ball
2-0: Foul Ball, location: 2F
2-1: Ball
3-1: Base on Balls
Pitching: LHP Carlos Toledo
Batting: RHB Alex Munoz 0-0: Ball
1-0: Swinging Strike
1-1: Fielders Choice at 2nd, 5-4 (Groundball, 5, EV 78.1 MPH)
Top of the 6th over - 0 runs, 0 hits, 0 errors, 1 left on base; Gwinnett 1 - Memphis 3
BOTTOM OF THE 6TH
Memphis Redbirds batting - Pitching for Gwinnett Braves : RHP Preston Larson
Batting: LHB Jesus Ramirez 0-0: Ball
1-0: Ball
2-0: Called Strike
2-1: Foul Ball, location: 2F
2-2: Ball
3-2: Foul Ball, location: 2F
3-2: Foul Ball, location: 2F
3-2: SINGLE (Line Drive, 78S, EV 102.5 MPH)
Batting: RHB Travis Leonard 0-0: Called Strike
0-1: Ball
1-1: Swinging Strike
1-2: Ball
2-2: Ball
3-2: Fielders Choice at 2nd, 3-6 (Groundball, 3, EV 100.6 MPH)
Pitching: RHP Nobuharu Kobayashi
Batting: SHB Quido van Erp 0-0: Ball
1-0: Foul Ball, location: 2F
1-1: Ball
2-1: Ball
3-1: Base on Balls
Travis Leonard to second
Batting: RHB Colin Boddy 0-0: Swinging Strike
0-1: Called Strike
0-2: Ball
1-2: Fly out, F8 (Flyball, 78M, EV 77.5 MPH)
Batting: RHB Jorge Benites 0-0: Ball
1-0: Ground out 5-3 (Groundball, 5S, EV 72.5 MPH)
Bottom of the 6th over - 0 runs, 1 hit, 0 errors, 2 left on base; Gwinnett 1 - Memphis 3
TOP OF THE 7TH
Gwinnett Braves batting - Pitching for Memphis Redbirds : LHP Carlos Toledo
Batting: SHB Tim Rodgers 0-0: Called Strike
0-1: Foul Ball, location: 2F
0-2: Ball
1-2: Strikes out looking
Batting: RHB T.J. Jordan 0-0: Called Strike
0-1: Ball
1-1: Ground out 6-3 (Groundball, 6M, EV 85.0 MPH)
Batting: LHB Ricky Ayon 0-0: Called Strike
0-1: Ball
1-1: Foul Ball, location: 2F
1-2: Foul Ball, location: 2F
1-2: Strikes out swinging
Top of the 7th over - 0 runs, 0 hits, 0 errors, 0 left on base; Gwinnett 1 - Memphis 3
BOTTOM OF THE 7TH
Memphis Redbirds batting - Pitching for Gwinnett Braves : RHP Nobuharu Kobayashi
Batting: RHB Josh Hoeye 0-0: Called Strike
0-1: Ball
1-1: Ground out 6-3 (Groundball, 6, EV 86.2 MPH)
Batting: LHB Tom Butterbaugh 0-0: Ball
1-0: Foul Ball, location: 2F
1-1: Foul Ball, location: 2F
1-2: Ground out 4-3 (Groundball, 4D, EV 80.6 MPH)
Batting: SHB Luke Robbins 0-0: Called Strike
0-1: Foul Ball, location: 2F
0-2: Strikes out swinging
Bottom of the 7th over - 0 runs, 0 hits, 0 errors, 0 left on base; Gwinnett 1 - Memphis 3
TOP OF THE 8TH
Gwinnett Braves batting - Pitching for Memphis Redbirds : LHP Carlos Toledo
Batting: RHB Francisco Hernandez 0-0: SINGLE (Groundball, 56D, EV 108.1 MPH)
Batting: RHB Luis Revilla 0-0: Ball
Wild Pitch!
Francisco Hernandez to second
1-0: Ball
2-0: Ground out 1-3 (Groundball, 13, EV 69.4 MPH)
Francisco Hernandez to third
Batting: RHB Jake Lang 0-0: Ball
1-0: Called Strike
1-1: Foul Ball, location: 2F
1-2: Strikes out looking
Batting: RHB Josh Whitmore 0-0: Swinging Strike
0-1: Swinging Strike
0-2: Strikes out swinging
Top of the 8th over - 0 runs, 1 hit, 0 errors, 1 left on base; Gwinnett 1 - Memphis 3
BOTTOM OF THE 8TH
Memphis Redbirds batting - Pitching for Gwinnett Braves : RHP Nobuharu Kobayashi
Pitching: LHP Kyle Krull
Batting: LHB Tim Olsen 0-0: SINGLE (Flyball, 8RS, EV 91.9 MPH)
Batting: LHB Jesus Ramirez 0-0: Ball
1-0: Called Strike
1-1: Swinging Strike
1-2: Grounds into double play, 6-4-3 (Groundball, 6, EV 75.6 MPH)
Pitching: RHP Chong-hun Park
Batting: RHB Travis Leonard 0-0: Ground out 6-3 (Groundball, 6, EV 83.8 MPH)
Bottom of the 8th over - 0 runs, 1 hit, 0 errors, 0 left on base; Gwinnett 1 - Memphis 3
TOP OF THE 9TH
Gwinnett Braves batting - Pitching for Memphis Redbirds : LHP Carlos Toledo
Pitching: RHP Rodolfo Mendez
Batting: RHB Jesse Lester 0-0: Ball
1-0: Ball
2-0: Foul Ball, location: 2F
2-1: Called Strike
2-2: Strikes out swinging
Batting: RHB Alex Munoz 0-0: Ball
1-0: Ground out 6-3 (Groundball, 6, EV 101.9 MPH)
Pinch Hitting: LHB Jose Chinchilla 0-0: Foul Ball, location: 2F
0-1: Foul Ball, location: 2F
0-2: Foul Ball, location: 2F
0-2: Strikes out swinging
Top of the 9th over - 0 runs, 0 hits, 0 errors, 0 left on base; Gwinnett 1 - Memphis 3
Thursday, March 31st , 2022 - OOTP Baseball 22.12 Build 89